AoeStats
← Baba Ganoush

Pilgrims

509389789Analyzed
2v2 RM · 4d ago on Sep 26, 2026· 25m 43s· 4 players
Game mode
Random Map
Map size
Medium (4 player)
Population
200
Speed
Normal
Resources
Standard
Victory
Conquest
Starting age
Dark Age
Ending age
Imperial Age
RankedLock teamsTeams togetherTeam positionsShared explorationLock speedFull tech treeHidden civsTurbo modeCheats
Victory
Defeat
🇨🇴 Berbers · Colombia
1062
+15
🇨🇴 Wu · Colombia
1055
+15
🇸🇪 Franks · Sweden
1060
-15
🇸🇪 Huns · Sweden
1025
-15
Papa Emeritus
11:48 Feudal Age
11:32 Loom
12:34 Double-Bit Axe
15:54 Wheelbarrow
17:23 Castle Age
16:02 Fletching
18:28 Padded Archer Armor
21:29 Wheelbarrow
Baba Ganoush
8:43 Loom
13:03 Feudal Age
14:40 Wheelbarrow
14:42 Town Watch
18:49 Scale Barding Armor
21:37 Castle Age
20:51 Forging
22:07 Double-Bit Axe
23:25 Iron Casting
22:48 Fishing Lines
Alosk8
3:59 Loom
10:57 Feudal Age
15:02 Castle Age
18:01 Fletching
18:11 Padded Archer Armor
18:22 Forging
18:12 Scale Mail Armor
18:05 Gold Mining
18:07 Stone Mining
18:00 Horse Collar
22:37 Wheelbarrow
22:53 Demolition Ship
23:45 Medium Warships
25:23 Fishing Lines
DAVIJO90
4:20 Loom
13:31 Feudal Age
19:41 Castle Age
20:03 Scale Barding Armor
20:09 Forging
20:48 Husbandry
20:58 Bloodlines
21:51 Chain Barding Armor
24:42 Fishing Lines
Connection lost

Rejoining the realm…

Still unreachable

The connection could not be restored.

Session expired

The server has moved on; the page needs a fresh start.